 Dungeon Crawl Stone Soup version 0.22.1-2-g9c5b331383 (webtiles) character file.

24 Adamkad1 the Caller (level 2, -1/22 HPs)
             Began as a Deep Dwarf Summoner on Jan 5, 2019.
             Slain by a kobold
             ... wielding a +0 whip
              (6 damage)
             ... on level 2 of the Dungeon.
             The game lasted 00:04:54 (731 turns).

Adamkad1 the Caller (Deep Dwarf Summoner)            Turns: 731, Time: 00:04:55

Health: -1/22      AC:  2    Str: 11    XL:     2   Next: 79%
Magic:  5/5        EV: 13    Int: 15    God:
Gold:   48         SH:  0    Dex: 13    Spells: 4/5 levels left

rFire    . . .     SeeInvis .   b - +0 club
rCold    . . .     Gourm    .   (no shield)
rNeg     . . .     Faith    .   a - +0 robe
rPois    .         Spirit   .   (no helmet)
rElec    .         Reflect  .   (no cloak)
rCorr    .         Harm     .   (no gloves)
MR       .....                  (no boots)
Stlth    ++........             (no amulet)
HPRegen  0.00/turn              (no ring)
MPRegen  0.09/turn              (no ring)

@: non-regenerating
A: damage resistance, heal wounds, sense surroundings 1, no regeneration
a: Heal Wounds


You were on level 2 of the Dungeon.
You were not hungry.

You visited 1 branch of the dungeon, and saw 2 of its levels.

You collected 48 gold pieces.

Inventory:

Hand Weapons
 b - a +0 club (weapon)
Armour
 a - a +0 robe (worn)
Wands
 h - a wand of iceblast (8)
Scrolls
 d - 5 scrolls of identify {unknown}
 e - a scroll of amnesia {unknown}
Potions
 f - a potion of curing
 g - a potion of agility {unknown}
Comestibles
 c - 2 rations
 i - 3 chunks of flesh


   Skills:
 + Level 2.6 Dodging
 + Level 3.0 Stealth
 + Level 2.1 Spellcasting
 + Level 3.8 Summonings


You had 4 spell levels left.
You knew the following spells:

 Your Spells              Type           Power        Failure   Level  Hunger
a - Summon Small Mammal   Summ           ##..         4%          1    #......

Your spell library contained the following spells:

 Spells                   Type           Power        Failure   Level  Hunger
 Call Imp                 Summ           ##......     7%          2    ###....
 Call Canine Familiar     Summ           ##......     14%         3    ###....
 Summon Guardian Golem    Hex/Summ       #.......     30%         3    ###....
 Summon Ice Beast         Ice/Summ       #.......     69%         4    #####..
 Summon Lightning Spire   Summ/Air       #.......     69%         4    #####..


Dungeon Overview and Level Annotations

Branches:
Dungeon (2/15)

Altars:


Innate Abilities, Weirdness & Mutations

You are resistant to damage.
You can heal yourself by infusing magical energy.
You passively map a small area around you.
You do not regenerate.


Message History

You open the door.
A giant cockroach comes into view.
Found a scale mail.
A giant cockroach is nearby!
A kobold comes into view. It is wielding a whip.
The giant cockroach barely misses you.
You closely miss the giant cockroach. The giant cockroach barely misses you.
The kobold throws a stone.
The stone barely misses you.
You hit the giant cockroach.
The giant cockroach is heavily wounded.
The giant cockroach closely misses you.
The kobold throws a stone.
The stone misses you. The giant cockroach barely misses you.
You closely miss the giant cockroach.
The giant cockroach is heavily wounded.
The giant cockroach bites you. The kobold misses you.
The giant cockroach bites you but does no damage.
You hit the giant cockroach.
The giant cockroach is heavily wounded.
The kobold hits you with a whip!
You die...

, >* *###...#.#
#######.....#.####### *
+..<..'.....'........ ,
,#.#####.....#'########*
#, ,, +..............# *
,* * #...(.....####.. ,
#.........####### *
###+##...s#.....[ ,
,*#...@K...... * *
#.##....#.#####
#.......# # #######)#
#.# ###.# * #...# #.###
* #. *


You could see a giant cockroach and a kobold.

Vanquished Creatures
  An ooze (D:1)
  2 dart slugs (D:1)
  2 goblins (D:1)
  2 hobgoblins
  A kobold (D:1)
  4 bats (D:1)
  A frilled lizard (D:1)
  3 rats (D:1)
16 creatures vanquished.

Vanquished Creatures (collateral kills)
  A ball python (D:1)
1 creature vanquished.

Grand Total: 17 creatures vanquished

Notes
Turn   | Place    | Note
-------+----------+-------------------------------------------
     0 | D:1      | Adamkad1 the Deep Dwarf Summoner began the quest for the
                  | Orb.
     0 | D:1      | Reached XP level 1. HP: 15/15 MP: 3/3
   117 | D:1      | Reached XP level 2. HP: 5/22 MP: 5/5
   731 | D:2      | Slain by a kobold

Skill      XL: |  1  2 |
---------------+-------+-----
Spellcasting   | 2 |  2.1
Stealth        | 3 |  3.0
Dodging        | |  2.6
Summonings     | |  3.8

Action                   || total
-------------------------++-------
Melee: Club              ||    58
       Unarmed           ||     8
 Cast: Summon Small Mamm ||     4
  Use: Potion            ||     1
Armor: Robe              ||   267
Dodge: Dodged            ||   623
